 Dungeon Crawl Stone Soup version 0.21-a0-578-gc6e9d75 (webtiles) character file.

24 polly the Skirmisher (level 2, -7/36 HPs)
             Began as a Demonspawn Berserker on Dec 18, 2017.
             Was a Follower of Trog.
             Mangled by Terence
             ... wielding a +0 trident
              (8 damage)
             ... on level 2 of the Dungeon.
             The game lasted 00:00:52 (1038 turns).

polly the Skirmisher (Demonspawn Berserker)         Turns: 1038, Time: 00:00:52

Health: -7/36      AC:  2    Str: 22    XL:     2   Next: 79%
Magic:  2/2        EV: 12    Int:  8    God:    Trog [*.....]
Gold:   55         SH:  0    Dex: 12    Spells: 1/1 levels left

rFire    . . .     SeeInvis .   a - +0 mace
rCold    . . .     Gourm    .   (no shield)
rNeg     . . .     Faith    .   b - +0 animal skin
rPois    .         Spirit   .   (helmet restricted)
rElec    .         Reflect  .   (no cloak)
rCorr    .         Harm     .   (no gloves)
MR       .....                  (no boots)
Stlth    ..........             (no amulet)
HPRegen  0.12/turn              (no ring)
MPRegen  0.08/turn              (no ring)

@: berserking, very quick
A: antennae 1
a: Berserk, Burn Spellbooks, Renounce Religion


You were on level 2 of the Dungeon.
You worshipped Trog.
Trog was aware of your devotion.
You were near starving.

You visited 1 branch of the dungeon, and saw 2 of its levels.

You collected 55 gold pieces.

Inventory:

Hand Weapons
 a - a +0 mace (weapon)
Armour
 b - a +0 animal skin (worn)
Scrolls
 d - 2 scrolls of amnesia {unknown}
 f - 3 scrolls of remove curse {unknown}
Comestibles
 c - 5 rations


   Skills:
 + Level 3.3 Fighting
 + Level 3.3 Maces & Flails
 + Level 1.8 Armour
 + Level 1.9 Dodging


You had one spell level left.
You didn't know any spells.

Dungeon Overview and Level Annotations

Branches:
Dungeon (2/15)

Altars:

Annotations:
D:2 Jessica, Terence


Innate Abilities, Weirdness & Mutations

You have a pair of small antennae on your head.


Message History

Terence is moderately wounded.
Terence hits you with a trident!
* * * LOW HITPOINT WARNING * * *
Terence shouts, "Get ready for death!"
Terence hits you with a trident.
* * * LOW HITPOINT WARNING * * *
It was a potion of cancellation.
You feel magically purged.
You aren't carrying any potions.
Unknown command.
A red film seems to cover your vision as you go berserk!
You feel yourself moving faster!
You feel mighty!
You are near starving!
Terence barely misses you.
You hit Terence.
Terence is heavily wounded.
Terence barely misses you.
You hit Terence.
Terence is almost dead.
Terence hits you with a trident!
You die...

.........
#........
#######........
....#.........#
...............
..............#
...)......@......
.....#..@.......
.....+..........
....
....#........#.
+...
#......#....#
+....
#......#....#
....
#......#....#
...#......# ...#
#.#.##...# ...#
#....+...# ..#


You could see Terence.

Vanquished Creatures
  A dart slug (D:2)
  A ball python (D:1)
  5 bats (D:1)
  3 goblins
  3 hobgoblins (D:1)
  4 frilled lizards (D:1)
  3 kobolds (D:1)
  A rat (D:1)
21 creatures vanquished.

Notes
Turn   | Place    | Note
-------+----------+-------------------------------------------
     0 | D:1      | polly the Demonspawn Berserker began the quest for the Orb.
     0 | D:1      | Reached XP level 1. HP: 18/18 MP: 1/1
   175 | D:1      | Gained mutation: You have a pair of small antennae on your head. [demonic ancestry]
   175 | D:1      | Reached XP level 2. HP: 15/24 MP: 2/2
   827 | D:2      | Noticed Jessica
  1024 | D:2      | Noticed Terence
  1034 | D:2      | HP: 1/24 [Terence/trident (5)]
  1038 | D:2      | Mangled by Terence

Vault maps used:
D:1:      kilobyte_arrival_exit_the_forest
D:2:      uniq_sigmund, uniq_terence, uniq_jessica

Skill      XL: |  1 |
---------------+----+-----
Maces & Flails | 3 |  3.3
Fighting       | |  3.3
Armour         | |  1.8
Dodging        | |  1.9

Action                   || total
-------------------------++-------
Melee: Mace              ||    67
Invok: Berserk           ||     1
  Use: Potion            ||     1
 Stab: Distracted        ||     1
Armor: Animal skin       ||    11
Dodge: Dodged            ||    49

Table legend:
 A = Spawn XP
 B = Non-spawn XP
 C = Spawn XP percentage of total XP
 D = Spawn monster count
 E = Non-spawn monster count
 F = Spawn count percentage of total count
 G = Total turns spent on level
                    A         B        C        D         E        F      G
               +---------+---------+-------+---------+---------+-------+---------
         Total |       0 |      35 |   0.0 |       0 |      21 |   0.0 |  1038
               +---------+---------+-------+---------+---------+-------+---------
           D:1 |       0 |      29 |   0.0 |       0 |      19 |   0.0 |   997
           D:2 |       0 |       6 |   0.0 |       0 |       2 |   0.0 |    41
               +---------+---------+-------+---------+---------+-------+---------
